% Time on Ice - NORTH DAKOTA HAWKS
Lines # - Real PCT - Wanted PCT - Time Play
Normal Forward
1 - 32% - 32% - 14:48
2 - 33% - 31% - 15:06
3 - 24% - 23% - 10:48
4 - 11% - 14% - 4:52
Normal Defense
1 - 43% - 42% - 19:23
2 - 34% - 36% - 15:42
3 - 13% - 12% - 5:46
4 - 10% - 10% - 4:43
PP Forward
1 - 50% - 65% - 3:00
2 - 50% - 35% - 2:57
PP Defense
1 - 54% - 65% - 3:14
2 - 46% - 35% - 2:43
PK Forward
1 - 61% - 55% - 4:52
2 - 39% - 45% - 3:04
PK Defense
1 - 51% - 55% - 4:03
2 - 49% - 45% - 3:53
PK3 Forward
1 - 0% - 55%
2 - 0% - 45%
PK3 Defense
1 - 0% - 55%
2 - 0% - 45%
44 Forward
1 - 0% - 55%
2 - 0% - 45%
44 Defense
1 - 0% - 55%
2 - 0% - 45%
Last Minute Offensive  - 0:33
Last Minute Defensive  - 0:00
Total
Forward - 60:00
Defense - 60:00
% Time on Ice - PHOENIX MUSTANGS
Lines # - Real PCT - Wanted PCT - Time Play
Normal Forward
1 - 34% - 36% - 15:41
2 - 29% - 31% - 13:21
3 - 21% - 23% - 9:29
4 - 15% - 10% - 7:03
Normal Defense
1 - 32% - 36% - 14:33
2 - 32% - 31% - 14:30
3 - 30% - 23% - 13:48
4 - 6% - 10% - 2:43
PP Forward
1 - 55% - 55% - 4:23
2 - 45% - 45% - 3:33
PP Defense
1 - 56% - 55% - 4:27
2 - 44% - 45% - 3:29
PK Forward
1 - 66% - 55% - 3:55
2 - 34% - 45% - 2:02
PK Defense
1 - 66% - 55% - 3:57
2 - 34% - 45% - 2:00
PK3 Forward
1 - 0% - 55%
2 - 0% - 45%
PK3 Defense
1 - 0% - 55%
2 - 0% - 45%
44 Forward
1 - 0% - 55%
2 - 0% - 45%
44 Defense
1 - 0% - 55%
2 - 0% - 45%
Last Minute Offensive  - 0:00
Last Minute Defensive  - 0:33
Total
Forward - 60:00
Defense - 60:00
Play-by-Play 1st period 0:01 of 1st period - Andreas Athanasiou wins face-off versus Jack Hughes in neutral zone. 0:24 of 1st period - Jason Robertson is hit by Matt Irwin and loses puck. 0:31 of 1st period - Shot by Jason Robertson. 0:31 of 1st period - Shot Blocked by Matt Irwin. 0:33 of 1st period - Shot by Ryan Hartman. 0:33 of 1st period - Shot Misses the Net. 0:35 of 1st period - Shot by Cale Makar. 0:35 of 1st period - Shot Misses the Net. 0:37 of 1st period - Shot by Cale Makar. 0:37 of 1st period - Stopped by Anton Forsberg with a rebound. 1:16 of 1st period - Minor Penalty to Jake DeBrusk for Tripping. 1:17 of 1st period - Nico Sturm wins face-off versus Chris Terry in NORTH DAKOTA HAWKS zone. 1:39 of 1st period - Jonas Siegenthaler is hit by Jesper Fast and loses puck. 1:59 of 1st period - Icing by Jesper Fast. 2:00 of 1st period - Beck Malenstyn wins face-off versus Chris Terry in PHOENIX MUSTANGS zone. 2:03 of 1st period - Shot by Nico Sturm. 2:03 of 1st period - Shot Blocked by Gavin Bayreuther. 2:05 of 1st period - Shot by Ryan Lindgren. 2:05 of 1st period - Stopped by Anton Forsberg without a rebound. 2:06 of 1st period - Nico Sturm wins face-off versus Andreas Athanasiou in PHOENIX MUSTANGS zone. 2:13 of 1st period - Shot by Nico Sturm. 2:13 of 1st period - Deflect By Beck Malenstyn. 2:13 of 1st period - Stopped by Anton Forsberg without a rebound. 2:14 of 1st period - Frederick Gaudreau wins face-off versus Andreas Athanasiou in PHOENIX MUSTANGS zone. 3:37 of 1st period - Shot by Jonathan Miller. 3:37 of 1st period - Stopped by Alex Nedeljkovic without a rebound. 3:38 of 1st period - Conor Sheary wins face-off versus Frederick Gaudreau in NORTH DAKOTA HAWKS zone. 4:20 of 1st period - Jesper Fast is hit by Nick Foligno and loses puck. 6:23 of 1st period - Beck Malenstyn is hit by Chris Terry and loses puck. 7:35 of 1st period - Shot by Christian Fischer. 7:35 of 1st period - Goal by Christian Fischer - NORTH DAKOTA HAWKS : 0 - PHOENIX MUSTANGS : 1. 7:36 of 1st period - Jake DeBrusk wins face-off versus Conor Sheary in neutral zone. 7:43 of 1st period - Shot by Nick Suzuki. 7:43 of 1st period - Stopped by Anton Forsberg without a rebound. 7:44 of 1st period - Conor Sheary wins face-off versus Jack Hughes in PHOENIX MUSTANGS zone. 8:08 of 1st period - Shot by Jack Hughes. 8:08 of 1st period - Stopped by Anton Forsberg with a rebound. 9:20 of 1st period - Shot by Jonathan Miller. 9:20 of 1st period - Shot Misses the Net. 9:22 of 1st period - Shot by Christian Fischer. 9:22 of 1st period - Stopped by Alex Nedeljkovic with a rebound. 10:03 of 1st period - Shot by Reyley Smith. 10:03 of 1st period - Shot Misses the Net. 10:05 of 1st period - Shot by Reyley Smith. 10:05 of 1st period - Shot Misses the Net. 10:07 of 1st period - Shot by Nick Suzuki. 10:07 of 1st period - Deflect By Jake DeBrusk. 10:07 of 1st period - Stopped by Anton Forsberg with a rebound. 10:09 of 1st period - Shot by Reyley Smith. 10:09 of 1st period - Stopped by Anton Forsberg without a rebound. 10:10 of 1st period - Nick Foligno wins face-off versus Conor Sheary in PHOENIX MUSTANGS zone. 11:20 of 1st period - Shot by Taylor Hall. 11:20 of 1st period - Shot Misses the Net. 11:22 of 1st period - Shot by Matt Irwin. 11:22 of 1st period - Shot Misses the Net. 11:50 of 1st period - Shot by Nick Suzuki. 11:50 of 1st period - Deflect By Jake DeBrusk. 11:50 of 1st period - Shot Misses the Net. 12:01 of 1st period - Off-side. 12:02 of 1st period - Alex Barre-Boulet wins face-off versus Nico Sturm in neutral zone. 13:08 of 1st period - Shot by Conor Garland. 13:08 of 1st period - Stopped by Alex Nedeljkovic without a rebound. 13:09 of 1st period - Andreas Athanasiou wins face-off versus Nick Suzuki in NORTH DAKOTA HAWKS zone. 13:18 of 1st period - Shot by Andreas Athanasiou. 13:18 of 1st period - Shot Blocked by Nick Suzuki. 13:20 of 1st period - Shot by Matt Irwin. 13:20 of 1st period - Shot Misses the Net. 13:28 of 1st period - Shot by Juuso Parssinen. 13:28 of 1st period - Shot Misses the Net. 13:30 of 1st period - Shot by Andreas Athanasiou. 13:30 of 1st period - Stopped by Alex Nedeljkovic without a rebound. 13:31 of 1st period - Mike Sgarbossa wins face-off versus Jack Hughes in NORTH DAKOTA HAWKS zone. 13:43 of 1st period - Shot by Arthur Kaliyev. 13:43 of 1st period - Shot Misses the Net. 13:59 of 1st period - Ilya Lyubushkin is hit by Jason Robertson and loses puck. 14:19 of 1st period - Juuso Parssinen is hit by Mathew Dumba and loses puck. 14:51 of 1st period - Shot by Taylor Hall. 14:51 of 1st period - Stopped by Alex Nedeljkovic without a rebound. 14:52 of 1st period - Frederick Gaudreau wins face-off versus Conor Sheary in NORTH DAKOTA HAWKS zone. 15:01 of 1st period - Shot by John Klingberg. 15:01 of 1st period - Shot Misses the Net. 15:11 of 1st period - Shot by Conor Sheary. 15:11 of 1st period - Shot Hit the Post. 15:13 of 1st period - Shot by Conor Sheary. 15:13 of 1st period - Goal by Conor Sheary - NORTH DAKOTA HAWKS : 0 - PHOENIX MUSTANGS : 2. 15:13 of 1st period - Scott Wedgewood enters game. 15:14 of 1st period - Jonathan Miller wins face-off versus Nick Suzuki in neutral zone. 16:27 of 1st period - Ryan Lindgren is hit by Alex Barre-Boulet and loses puck. 16:41 of 1st period - Juuso Parssinen is hit by Ryan Lindgren and loses puck. 16:45 of 1st period - Icing by Ryan Lindgren. 16:46 of 1st period - Conor Sheary wins face-off versus Frederick Gaudreau in NORTH DAKOTA HAWKS zone. 16:49 of 1st period - Shot by Jesper Fast. 16:49 of 1st period - Stopped by Scott Wedgewood without a rebound. 16:50 of 1st period - Andreas Athanasiou wins face-off versus Jack Hughes in NORTH DAKOTA HAWKS zone. 17:05 of 1st period - Shot by Andreas Athanasiou. 17:05 of 1st period - Stopped by Scott Wedgewood without a rebound. 17:06 of 1st period - Nick Suzuki wins face-off versus Conor Sheary in NORTH DAKOTA HAWKS zone. 17:21 of 1st period - Shot by Nick Suzuki. 17:21 of 1st period - Shot Misses the Net. 18:24 of 1st period - Shot by Andreas Athanasiou. 18:24 of 1st period - Shot Misses the Net. 18:30 of 1st period - Shot by Taylor Hall. 18:30 of 1st period - Shot Blocked by Jason Robertson. 18:40 of 1st period - Shot by Taylor Hall. 18:40 of 1st period - Shot Blocked by Ryan Lindgren. 18:47 of 1st period - Juuso Parssinen is hit by Ryan Lindgren and loses puck. 19:04 of 1st period - Shot by Arthur Kaliyev. 19:04 of 1st period - Stopped by Scott Wedgewood without a rebound. 19:05 of 1st period - Jonathan Miller wins face-off versus Frederick Gaudreau in NORTH DAKOTA HAWKS zone. 19:09 of 1st period - Icing by Frederick Gaudreau. 19:10 of 1st period - Mike Sgarbossa wins face-off versus Frederick Gaudreau in NORTH DAKOTA HAWKS zone. 19:20 of 1st period - Icing by John Klingberg. 19:21 of 1st period - Nick Suzuki wins face-off versus Mike Sgarbossa in PHOENIX MUSTANGS zone. 19:29 of 1st period - Icing by Chris Terry. 19:30 of 1st period - Mike Sgarbossa wins face-off versus Nick Suzuki in PHOENIX MUSTANGS zone. 19:53 of 1st period - Shot by Mike Sgarbossa. 19:53 of 1st period - Stopped by Scott Wedgewood without a rebound. 19:54 of 1st period - Nico Sturm wins face-off versus Andreas Athanasiou in NORTH DAKOTA HAWKS zone. 19:54 of 1st period - Garnet Hathaway is hit by Andreas Athanasiou and loses puck. Goals for this period are 0 for NORTH DAKOTA HAWKS vs 2 for PHOENIX MUSTANGS. Shots for this period are 7 for NORTH DAKOTA HAWKS vs 11 for PHOENIX MUSTANGS. 2nd period 0:01 of 2nd period - Nick Suzuki wins face-off versus Andreas Athanasiou in neutral zone. 0:53 of 2nd period - Juuso Parssinen is hit by Jake DeBrusk. 1:00 of 2nd period - Icing by John Klingberg. 1:01 of 2nd period - Andreas Athanasiou wins face-off versus Frederick Gaudreau in PHOENIX MUSTANGS zone. 1:34 of 2nd period - Shot by Frederick Gaudreau. 1:34 of 2nd period - Stopped by Anton Forsberg without a rebound. 1:35 of 2nd period - Mike Sgarbossa wins face-off versus Nico Sturm in PHOENIX MUSTANGS zone. 2:24 of 2nd period - Off-side. 2:25 of 2nd period - Jack Hughes wins face-off versus Conor Sheary in neutral zone. 3:07 of 2nd period - Off-side. 3:08 of 2nd period - Andreas Athanasiou wins face-off versus Nick Suzuki in neutral zone. 3:36 of 2nd period - Shot by Reyley Smith. 3:36 of 2nd period - Deflect By Nick Suzuki. 3:36 of 2nd period - Shot Misses the Net. 4:34 of 2nd period - Shot by Frederick Gaudreau. 4:34 of 2nd period - Deflect By Justin Danforth. 4:34 of 2nd period - Shot Blocked by John Klingberg. 5:12 of 2nd period - Shot by Jack Hughes. 5:12 of 2nd period - Stopped by Anton Forsberg without a rebound. 5:13 of 2nd period - Conor Sheary wins face-off versus Nico Sturm in PHOENIX MUSTANGS zone. 5:26 of 2nd period - Shot by Conor Sheary. 5:26 of 2nd period - Stopped by Scott Wedgewood without a rebound. 5:27 of 2nd period - Mike Sgarbossa wins face-off versus Nick Suzuki in NORTH DAKOTA HAWKS zone. 5:29 of 2nd period - Arthur Kaliyev is hit by Jonas Siegenthaler and loses puck. 5:36 of 2nd period - Shot by T.J. Brodie. 5:36 of 2nd period - Shot Misses the Net. 5:38 of 2nd period - Shot by T.J. Brodie. 5:38 of 2nd period - Stopped by Scott